 Dungeon Crawl Stone Soup version 0.21-a0-404-g291f19a (webtiles) character file.

14 theanonym the Caller (level 2, 0/19 HPs)
             Began as a Barachi Summoner on Oct 31, 2017.
             Succumbed to an adder's poison
             ... on level 1 of the Dungeon.
             The game lasted 00:03:54 (1121 turns).

theanonym the Caller (Barachi Summoner)             Turns: 1121, Time: 00:03:55

Health: 0/19       AC:  2    Str:  7 (9)  XL:     2   Next: 45%
Magic:  2/5        EV: 12    Int: 12 (15) God:
Gold:   40         SH:  0    Dex: 11 (12) Spells: 3/6 levels left

rFire    . . .     SeeInvis .   i - +0 dagger
rCold    . . .     Gourm    .   (no shield)
rNeg     . . .     Faith    .   a - +0 robe
rPois    .         Spirit   .   (no helmet)
rElec    .         Reflect  .   (no cloak)
rCorr    .         Harm     .   (no gloves)
MR       .....                  (no boots)
Stlth    ++........             (no amulet)
HPRegen  0.06/turn              (no ring)
MPRegen  0.09/turn              (no ring)

@: lethally poisoned (0 -> -6), slow
A: +LOS, swims, slowness 1, strong legs 1
a: Hop


You were on level 1 of the Dungeon.
You were not hungry.

You visited 1 branch of the dungeon, and saw 2 of its levels.

You collected 40 gold pieces.

Inventory:

Hand Weapons
 i - a +0 dagger (weapon)
   (You took it off a goblin on level 1 of the Dungeon)
Armour
 a - a +0 robe (worn)
Scrolls
 d - a scroll of enchant armour
 e - a scroll of remove curse
 r - a scroll of identify
Books
 b - a book of Callings

   Spells                             Type                      Level
   a - Summon Small Mammal            Summoning                    1
   b - Call Imp                       Summoning                    2
   c - Call Canine Familiar           Summoning                    3
   d - Summon Guardian Golem          Hexes/Summoning              3
   e - Summon Lightning Spire         Summoning/Air                4
   f - Summon Ice Beast               Ice/Summoning                4


   Skills:
 + Level 2.4 Dodging
 - Level 1.7 Stealth
 * Level 2.6 Spellcasting
 * Level 5.1 Summonings


You had 3 spell levels left.
You knew the following spells:

 Your Spells              Type           Power        Failure   Level  Hunger
a - Summon Small Mammal   Summ           ##..         3%          1    #......
b - Call Imp              Summ           ##......     4%          2    ###....


Dungeon Overview and Level Annotations

Branches:
Dungeon (2/15)

Altars:


Innate Abilities, Weirdness & Mutations

Shadows flee at your approach. (+LOS)
You can swim through water.
You cover ground slowly.
You can hop short distances.


Message History

You are near starving!
You eat the bread ration.
That bread ration really hit the spot!
You can't go down here!
Unknown command.
There is an open door here.
There is a stone staircase leading down here.
You climb downwards.
A goblin comes into view.
Found 5 gold pieces and a meat ration.
There is a stone staircase leading up here.
You miscast Call Imp.
You are very lightly contaminated with residual magic.
Nothing appears to happen.
You now have 3/5 mp.
A beastly little devil appears in a puff of flame.
* * * LOW MAGIC WARNING * * *
The goblin shouts!
An adder comes into view.
You now have 1/5 mp.
You don't have enough magic to cast that spell.
* * * LOW MAGIC WARNING * * *
Your crimson imp hits the goblin.
A bat comes into view.
You now have 0/5 mp.
Unknown command.
The bat barely misses your quokka.
The goblin barely misses your crimson imp.
Your crimson imp barely misses the goblin.
The bat misses you. The bat hits you.
Your quokka bites the goblin.
The goblin dies!
Your crimson imp hits the bat.
A frilled lizard comes into view.
You take 1 damage, and have 18/19 hp.
The bat closely misses you. The bat barely misses you.
Your quokka barely misses the bat.
Your crimson imp blinks!
The bat closely misses you.
Your quokka bites the bat.
The bat barely misses you.
Your crimson imp blinks!
The bat misses you.
The bat hits your quokka but does no damage.
Your quokka barely misses the bat.
The adder closely misses you.
Your quokka bites the bat.
You climb upwards.
Your summoned ally is left behind.
There is a stone staircase leading down here.
The bat closely misses you. The adder barely misses you.
Health restored: 19 The bat barely misses you.
The bat hits you but does no damage. The bat hits you.
You take 1 damage, and have 18/19 hp.
The bat hits you but does no damage. x2; The bat barely misses you.
The bat hits you but does no damage. The bat closely misses you.
You closely miss the bat. The bat closely misses you. x2
You completely miss the adder. The adder bites you.
You are poisoned.
The adder poisons you!
You take 3 damage, and have 15/19 hp.
You feel sick. The adder barely misses you.
There is an open door here.
You take 1 damage, and have 14/19 hp.
Your magical contamination has completely faded away.
You feel sick. The adder barely misses you.
You take 1 damage, and have 13/19 hp.
The bat hits you. The adder bites you.
You take 3 damage, and have 10/19 hp.
The bat hits you but does no damage.
It was a potion of degeneration.
There was something very wrong with that liquid.
You feel weakened.
You feel dopey.
You feel clumsy. The adder bites you.
* * * LOW HITPOINT WARNING * * *
You are more poisoned.
The adder poisons you! The bat hits you but does no damage.
You take 2 damage, and have 8/19 hp.
As you read the scroll labeled XEZECH MOOGESO, it crumbles to dust.
You feel blessed for a moment.
It was a scroll of remove curse.
* * * LOW HITPOINT WARNING * * *
You feel sick. The bat hits you but does no damage. The adder bites you.
* * * LOW HITPOINT WARNING * * *
The adder closely misses you.
You take 3 damage, and have 5/19 hp.
You aren't carrying any potions.
As you read the scroll labeled TAYGITT REAL, it crumbles to dust.
It is a scroll of identify.
d - a scroll of enchant armour;
r - a scroll of identify The bat barely misses you.
The adder closely misses you.
As you read the scroll labeled TUZXAGGOWE, it crumbles to dust.
You hear a loud clanging noise!
It was a scroll of noise.
* * * LOW HITPOINT WARNING * * *
You feel sick. The bat closely misses you. The adder closely misses you.
You take 1 damage, and have 4/19 hp.
The bat hits you but does no damage. The adder bites you.
* * * LOW HITPOINT WARNING * * *
There is an open door, spattered with blood here.
You take 3 damage, and have 1/19 hp.
You barely miss the adder.
You die...

#.# ###......♣♣ ♣♣♣♣......
#####.## ##.......## #........
#......####.........####........
#.........'.........+......>....
#......####.........####.....)##
###.##.## ##.......## #...#.##
........# ##.....## #.#[..#
.##.###># ##Sb.## #.##..#
.##.###.# ##@## #.....#
.##...#.# #.# ####.## .####.#.#
#.# #5# .####.#.## ##.##
#######.# .##......######...##
#..5....# ......)..#......)..#
#.####### ###.#.##.#.####...##
#5# #.#.##.#.####..#####.#
#.#..................#


You could see an adder and a bat.

Vanquished Creatures
  2 bats (D:1)
  A giant cockroach (D:1)
  A goblin (D:1)
  2 kobolds (D:1)
  A rat (D:1)
7 creatures vanquished.

Vanquished Creatures (collateral kills)
  A giant cockroach (D:1)
  4 goblins
  2 hobgoblins (D:1)
  A bat (D:1)
  A rat (D:1)
9 creatures vanquished.

Grand Total: 16 creatures vanquished

Notes
Turn   | Place    | Note
-------+----------+-------------------------------------------
     0 | D:1      | theanonym the Barachi Summoner began the quest for the Orb.
     0 | D:1      | Reached XP level 1. HP: 13/13 MP: 3/3
   499 | D:1      | Reached skill level 5 in Summonings
   504 | D:1      | Reached XP level 2. HP: 10/19 MP: 0/5
   691 | D:1      | Learned a level 2 spell: Call Imp
  1120 | D:1      | HP: 1/19 [adder (3)]
  1121 | D:1      | Succumbed to an adder's poison

Vault maps used:
D:1:      ncdulo_smallfort, serial_forest, infiniplex_forest_end_3,
          infiniplex_forest_zigzag_2, infiniplex_forest_clump_medium,
          infiniplex_forest_lined_4_way
D:2:      dancing_weapons_uskayaw, lemuel_doored_altar, first_bread,
          minmay_unequal

Skill      XL: |  1 |
---------------+----+-----
Summonings     | 5 |  5.1
Dodging        | |  2.4
Stealth        | |  1.7
Spellcasting   | |  2.6

Action                   || total
-------------------------++-------
Melee: Unarmed           ||    26
       Club              ||     3
       Dagger            ||    11
 Cast: Summon Small Mamm ||    17
       Call Imp          ||     7
  Use: Scroll            ||     3
       Potion            ||     1
 Stab: Sleeping          ||     3
       Distracted        ||     1
  Eat: Bread ration      ||     1
Armor: Robe              ||    26
Dodge: Dodged            ||    58

Table legend:
 A = Spawn XP
 B = Non-spawn XP
 C = Spawn XP percentage of total XP
 D = Spawn monster count
 E = Non-spawn monster count
 F = Spawn count percentage of total count
 G = Total turns spent on level
                    A         B        C        D         E        F      G
               +---------+---------+-------+---------+---------+-------+---------
         Total |       0 |      21 |   0.0 |       0 |      16 |   0.0 |  1121
               +---------+---------+-------+---------+---------+-------+---------
           D:1 |       0 |      20 |   0.0 |       0 |      15 |   0.0 |  1112
           D:2 |       0 |       1 |   0.0 |       0 |       1 |   0.0 |     9
               +---------+---------+-------+---------+---------+-------+---------
